 Dungeon Crawl Stone Soup version 0.30-a0-643-g638baaf3f0 (webtiles) character file.

Game seed: 95008231406737356

3614 CoinPitGoblin the Thaumaturge (level 9, -7/61 HPs)
             Began as a Demonspawn Earth Elementalist on Jan 15, 2023.
             Was an Initiate of Gozag.
             Shot with a sling bullet by Joseph (17 damage)
             ... on level 8 of the Dungeon on Jan 16, 2023.
             The game lasted 00:14:39 (7612 turns).

CoinPitGoblin the Thaumaturge (DsEE)                Turns: 7612, Time: 00:14:39

Health: -7/61      AC:  7    Str:  9    XL:     9   Next: 86%
Magic:  0/22       EV: 13    Int: 28    God:    Gozag
Gold:   1026       SH:  0    Dex: 14    Spells: 20/26 levels left

rFire   + . .      SeeInvis .    x - +0 dagger (venom)
rCold   . . .      Faith    .    (no shield)
rNeg    . . .      Spirit   +    w - +2 robe {Will+}
rPois   +          Reflect  .    j - +0 helmet
rElec   .          Harm     .    f - +0 cloak "Munirecao" {Int+3}
rCorr   .          Rampage  .    (no gloves)
Will    +....                    e - +0 pair of boots
Stlth   ++                       C - amulet "Petzikan" {Spirit rF+ Int+5}
HPRegen 0.30/turn                z - ring of poison resistance
MPRegen 0.18/turn                (no ring)

@: no status effects
A: demonic guardian 2, powered by death 2
a: Renounce Religion, Potion Petition, Call Merchant, Bribe Branch


You were on level 8 of the Dungeon.
You worshipped Gozag.
Gozag was most pleased with you.
You visited 1 branch of the dungeon, and saw 8 of its levels.

You collected 1065 gold pieces.
You paid 39 gold pieces to Gozag.

Inventory:

Hand Weapons
 k - a +0 rapier
 x - a +0 dagger of venom (weapon)
Missiles
 h - a throwing net
Armour
 e - a +0 pair of boots (worn)
 f - the +0 cloak "Munirecao" (worn) {Int+3}
   (You acquired it on level 2 of the Dungeon)

   Int:       It affects your intelligence (+3).
 i - a +0 kite shield
 j - a +0 helmet (worn)
 r - a +2 ring mail of willpower
 w - a +2 robe of willpower (worn)
Jewellery
 z - a ring of poison resistance (left hand)
 A - a ring of fire
 C - the amulet "Petzikan" (around neck) {Spirit rF+ Int+5}
   (You found it on level 6 of the Dungeon)

   [amulet of guardian spirit]

   It causes incoming damage to be divided between your reserves of health and
   magic.
   Int:       It affects your intelligence (+5).
   rF:        It protects you from fire.
 D - the amulet "Siynuhu" {Spirit +Inv rF+}
   (You found it on level 6 of the Dungeon)

   [amulet of guardian spirit]

   It causes incoming damage to be divided between your reserves of health and
   magic.
   rF:        It protects you from fire.
   +Inv:      It lets you turn invisible.
Wands
 p - a wand of polymorph (10)
 u - a wand of flame (27)
 G - a wand of charming (8)
Scrolls
 l - 4 scrolls of teleportation
 s - a scroll of fear
 y - 2 scrolls of blinking {unknown}
 B - 2 scrolls of identify
 E - a scroll of poison
 F - a scroll of enchant weapon {unknown}
Potions
 a - 3 potions of curing {unknown}
 b - 2 potions of magic
 c - 2 potions of flight {unknown}
 d - 6 potions of heal wounds
 g - a potion of brilliance {unknown}
 m - a potion of mutation {unknown}
 n - a potion of cancellation {unknown}
 o - a potion of might {unknown}
 q - 2 potions of lignification {unknown}
 t - a potion of haste {unknown}
 v - 2 potions of degeneration {unknown}


   Skills:
 + Level 2.2 Fighting
 + Level 3.5 Dodging
 - Level 1.7 Stealth
 + Level 9.2 Spellcasting
 - Level 0.8 Transmutations
 + Level 9.0 Earth Magic


You had 20 spell levels left.
You knew the following spells:

 Your Spells              Type           Power      Damage    Failure   Level
a - Stone Arrow           Conj/Erth      76%        3d11      1%          3
q - Sandblast             Erth           100%       2d20      1%          1
z - Passwall              Tmut/Erth      33%        N/A       1%          2

Your spell library contained the following spells:

 Spells                   Type           Power      Damage    Failure   Level
 Sting                    Tmut/Pois      60%        1d6       3%          1
 Freeze                   Ice            48%        1d6       4%          1
 Petrify                  Tmut/Erth      40%        N/A       5%          4
 Blink                    Tloc           24%        N/A       7%          2
 Lesser Beckoning         Tloc           24%        N/A       7%          2
 Momentum Strike          Conj/Tloc      24%        3d8       7%          2
 Ignite Poison            Fire/Tmut/Pois 14%        N/A       12%         3
 Frozen Ramparts          Ice            24%        1d4       13%         3
 Hailstorm                Conj/Ice       12%        3d5       13%         3
 Alistair's Intoxication  Tmut/Pois      10%        N/A       71%         5
 Metabolic Englaciation   Hex/Ice        6%         N/A       77%         5


Dungeon Overview and Level Annotations

Branches:
Dungeon (8/15)             Temple (0/1) D:5
   Lair: D:8-11

Altars:
Dithmenos
Gozag
Okawaru
Trog

Annotations:
D:6 1 runed translucent door
D:7 2 transporters, Opifex's ghost, novice DsFi
D:8 Joseph; Maurice


Innate Abilities, Weirdness & Mutations

A demonic guardian rushes to your aid.
You regenerate health from kills.


Message History

The sling bullet freezes you.
You are too injured to fight recklessly!
You swap places.
Your hellwing hits Joseph!
Your hellwing hits Joseph but does no damage.
Something misses your hellwing.
Joseph shoots a sling bullet.
The sling bullet hits your hellwing! The sling bullet freezes your hellwing.
Your hellwing barely misses Joseph.
Your hellwing hits Joseph but does no damage.
Joseph unwields a +1 sling of freezing.
Joseph wields a +0 quarterstaff.
Joseph completely misses your hellwing.
Your hellwing hits Joseph!
Your hellwing closely misses Joseph.
A steam dragon comes into view.
Your hellwing barely misses Joseph. x2; Joseph unwields a +0 quarterstaff.
Joseph wields a +1 sling of freezing.
It is covered in frost.
Joseph shoots a sling bullet.
The sling bullet hits your hellwing!! The sling bullet freezes your hellwing!
A bullfrog comes into view.
Casting: Sandblast (safe; 1% risk of failure)
Confirm with . or Enter, or press ? or * to list all spells.
Aiming: Passwall (safe; 1% risk of failure)
Press: ? - help, Dir - move target A rock wall.
Joseph shoots a sling bullet.
The sling bullet closely misses your hellwing.
The sling bullet hits you!
* * * LOW HITPOINT WARNING * * *
The sling bullet freezes you.
* * * LOW HITPOINT WARNING * * *
You begin to meditate on the wall.
You continue meditating on the rock.
Joseph shoots a sling bullet.
The sling bullet hits your hellwing! The sling bullet freezes your hellwing.
Your hellwing dies!
Your hellwing disappears in a puff of smoke!
You continue meditating on the rock.
The steam dragon breathes steam at you. The ball of steam hits you. You resist.
* * * LOW HITPOINT WARNING * * *
Joseph shoots a sling bullet.
The sling bullet hits you!!
You die...
Your body crumbles into a pile of gold.

#......# #.#....#
...#....#
#.##.#....# .
...#....########..
...............#.#
..##....######.#.#
.. ###### #.#.# .
#######@#.#
#......§#.#
#.....§.#.#
#[....§F@@#
##...D..#..?#
##......@###
##.......
.....#########
###..........<#


You could see Joseph, a steam dragon (catching breath) and a bullfrog.

Vanquished Creatures
  Sigmund (D:3)
  A wyvern (D:7)
  3 water moccasins
  2 sky beasts
  A black bear (D:4)
  An ice beast (D:7)
  2 centaurs (D:7)
  6 ogres
  2 phantoms (D:7)
  2 kobold brigands
  A bullfrog (D:7)
  7 scorpions
  A killer bee (D:6)
  A jelly (D:4)
  5 hounds
  An orc priest (D:6)
  Jessica (D:3)
  Natasha (thrice) (D:3)
  An iguana (D:6)
  2 orc wizards (D:6)
  3 gnolls
  7 adders
  2 shadow imps
  2 worms (D:2)
  17 orcs
  13 ball pythons
  6 endoplasms
  10 giant cockroaches
  6 goblins
  7 hobgoblins
  4 jackals
  4 quokkas
  6 bats
  3 frilled lizards
  17 kobolds
  6 rats
  A butterfly (D:6)
158 creatures vanquished.

Vanquished Creatures (collateral kills)
  A two-headed ogre (D:7)
1 creature vanquished.

Vanquished Creatures (others)
  8 plants (D:5)
8 creatures vanquished.

Grand Total: 167 creatures vanquished

Notes
Turn   | Place    | Note
-------+----------+-------------------------------------------
     0 | D:1      | CoinPitGoblin the Demonspawn Earth Elementalist began the
                  | quest for the Orb.
     0 | D:1      | Reached XP level 1. HP: 13/13 MP: 3/3
   461 | D:1      | Gained mutation: A weak demonic guardian rushes to your
                  | aid. [demonic ancestry]
   461 | D:1      | Reached XP level 2. HP: 19/19 MP: 3/5
  1021 | D:1      | Found a faded altar of an unknown god.
  1341 | D:2      | Reached XP level 3. HP: 15/24 MP: 2/6
  2235 | D:2      | Identified a scroll of acquirement
  2235 | D:2      | Acquired the +0 cloak "Munirecao" {Int+3}
  2245 | D:2      | Learned a level 2 spell: Passwall
  2249 | D:2      | Learned a level 3 spell: Stone Arrow
  2341 | D:3      | Reached XP level 4. HP: 31/31 MP: 6/8
  2354 | D:3      | Got Izyitur's Secrets of Transmigration and Glamour
  2358 | D:3      | Noticed Sigmund
  2360 | D:3      | Killed Sigmund
  2361 | D:3      | Gained mutation: You regenerate a little health from kills.
                  | [demonic ancestry]
  2361 | D:3      | Reached XP level 5. HP: 36/36 MP: 6/11
  2419 | D:3      | Found an opulent altar of Gozag.
  2430 | D:3      | Became a worshipper of Gozag Ym Sagoz the Greedy
  2443 | D:3      | Noticed Jessica
  2448 | D:3      | Killed Jessica
  2454 | D:3      | Gained mutation: You regenerate health from kills. [demonic
                  | ancestry]
  2454 | D:3      | Reached XP level 6. HP: 42/42 MP: 7/12
  2653 | D:3      | Noticed Natasha
  2657 | D:3      | Killed Natasha
  2941 | D:3      | Noticed Natasha
  2945 | D:3      | Killed Natasha
  3006 | D:3      | Found an iron altar of Okawaru.
  3254 | D:3      | Noticed Natasha
  3258 | D:3      | Killed Natasha
  3622 | D:4      | Reached skill level 1 in Fighting
  4523 | D:5      | Entered Level 5 of the Dungeon
  4523 | D:5      | Found a staircase to the Ecumenical Temple.
  4524 | D:5      | Noticed a water moccasin
  4544 | D:4      | Killed a water moccasin
  4545 | D:4      | Reached skill level 5 in Earth Magic
  4674 | D:4      | Reached XP level 7. HP: 18/48 MP: 9/14
  4676 | D:4      | Reached skill level 5 in Spellcasting
  4993 | D:5      | Upgraded the game from 0.30-a0-636-g200c5c4a83 to
                  | 0.30-a0-643-g638baaf3f0
  5531 | D:6      | Reached XP level 8. HP: 56/56 MP: 14/17
  5918 | D:6      | Identified the amulet "Petzikan" {Spirit rF+ Int+5}
  6022 | D:6      | Identified the amulet "Siynuhu" {Spirit +Inv rF+}
  6157 | D:6      | Found a runed translucent door.
  6159 | D:6      | Found a runed translucent door.
  6475 | D:6      | Gained mutation: A demonic guardian rushes to your aid.
                  | [demonic ancestry]
  6475 | D:6      | Reached XP level 9. HP: 61/61 MP: 18/20
  6740 | D:7      | Noticed a two-headed ogre
  6749 | D:7      | Killed a two-headed ogre
  6957 | D:7      | Found a bloodstained altar of Trog.
  6957 | D:7      | Noticed Opifex's ghost (novice DsFi)
  6957 | D:7      | Noticed a moth of wrath
  6958 | D:7      | Found a transporter.
  6958 | D:7      | Noticed a two-headed ogre
  7097 | D:7      | Found a shadowy altar of Dithmenos.
  7264 | D:7      | Found a transporter.
  7601 | D:8      | Noticed Maurice
  7603 | D:8      | Noticed Joseph
  7612 | D:8      | Shot with a sling bullet by Joseph

Illustrated notes

Levels and vault maps discovered:
D:1:      mushboom_english_gardens, layout_basic,
          chequers_ecumenical_altar_lobes
D:2:      layout_basic
D:3:      layout_basic, mainiacjoe_overflow_alcove_1,
          mainiacjoe_overflow_two_lobes, uniq_jessica, uniq_sigmund,
          uniq_natasha
D:4:      layout_basic, nicolae_ossuary_entry_plus
D:5:      layout_basic, minmay_temple_entry_gardened_gates, hex_large
D:6:      lemuel_insect_pit, layout_layer_cave
D:7:      layout_cave_pools, mainiacjoe_overflow_cross_hatched,
          gammafunk_ghost_wrathful_warriors, minmay_crossroads
D:8:      layout_basic, lemuel_tele_altar, hangedman_decor_opposing,
          grunt_ministairs_14, uniq_joseph, uniq_maurice

Skill      XL: |  1  2  3  4  5  6  7  8  9 |
---------------+----------------------------+-----
Earth Magic    | 3 4 5 6 7 9 |  9.0
Dodging        | 2 3 |  3.5
Spellcasting   | 3 4 6 7 9 |  9.2
Fighting       | 1 2 |  2.2
Stealth        | |  1.7
Transmutations | |  0.8

Action                   |  1- 3 |  4- 6 |  7- 9 || total
-------------------------+-------+-------+-------++-------
Melee: Unarmed           |     3 |       |       ||     3
       Rapier            |     1 |     4 |       ||     5
       Dagger            |       |       |     5 ||     5
 Cast: Sandblast         |    61 |    49 |   139 ||   249
       Stone Arrow       |       |     5 |     1 ||     6
       Passwall          |       |     2 |     1 ||     3
  Use: Scroll            |     4 |     4 |     1 ||     9
Armor: Robe              |     9 |    20 |    34 ||    63
Dodge: Dodged            |    28 |    27 |    63 ||   118

Table legend: (Time is in decaauts)
 A = Elapsed time spent in this place.
 B = Non-inter-level travel time spent in this place.
 C = Inter-level travel time spent in this place.
 D = Time resting spent in this place.
 E = Time spent auto-exploring this place.
 F = Levels seen in this place.
 G = Mean time per level.
                   A        B        C        D        E       F      G
               +--------+--------+--------+--------+--------+-----+--------+
         Total |   7747 |   7145 |    602 |    234 |   5762 |   8 |  968.4 |
       Dungeon |   7747 |   7145 |    602 |    234 |   5762 |   8 |  968.4 |
               +--------+--------+--------+--------+--------+-----+--------+

Top non-repeatable levels by time:
     D:1: 1383 daAuts
     D:4: 1297 daAuts
     D:6: 1241 daAuts
     D:3: 1222 daAuts
     D:2: 929 daAuts
     D:7: 882 daAuts
     D:5: 715 daAuts
     D:8: 75 daAuts
